 Dungeon Crawl Stone Soup version 0.25-a0-578-gc91f01c (webtiles) character file.

Game seed: 3665653639345426430, levelgen mode: deterministic

102836 relicbr the Devastator (level 16, -1/132 HPs)
             Began as a Gargoyle Earth Elementalist on Mar 6, 2020.
             Was a High Priest of Vehumet.
             Slain by Wosk's ghost (26 damage)
             ... on level 15 of the Dungeon.
             The game lasted 01:29:48 (35551 turns).

relicbr the Devastator (GrEE)                      Turns: 35551, Time: 01:29:49

Health: -1/132     AC: 28    Str: 21    XL:     16   Next: 34%
Magic:  15/44      EV: 17    Int: 22    God:    Vehumet [*****.]
Gold:   893        SH:  9    Dex:  8    Spells: 26/45 levels left

rFire    . . .     SeeInvis .   b - +8 whip "Snakebite" {curare, rPois}
rCold    . . .     Gourm    .   Q - +0 buckler {rN+}
rNeg     + + +     Faith    .   s - +0 steam dragon scales
rPois    ∞         Spirit   .   g - +2 helmet of the Vacuum {rN++ Str+8 Dex-5 Stlth+}
rElec    +         Reflect  +   C - +2 cloak {+Inv}
rCorr    .         Harm     .   T - +1 pair of gloves
MR       +....                  l - +2 pair of boots
Stlth    ..........             e - amulet "Yrereapsiu" {Reflect rElec Dex+3 SH+5}
HPRegen  0.32/turn              E - ring of magical power
MPRegen  0.29/turn              A - +4 ring of evasion

@: berserking (expiring), flying, very quick
A: big wings, negative energy resistance 1, electricity resistance, unbreathing,
petrification resistance, rot immunity, AC +12
a: Stop Flying, Renounce Religion, Evoke Invisibility


You were on level 15 of the Dungeon.
You worshipped Vehumet.
Vehumet was extremely pleased with you.
You were hungry.

You visited 4 branches of the dungeon, and saw 24 of its levels.
You also visited: Sewer and Ice Cave.

You collected 2466 gold pieces.
You spent 1573 gold pieces at shops.

Inventory:

Hand Weapons
 a - the +9 quarterstaff of Zuitidd {vorpal, rN+ Str+3 Dex+3}
   (You found it on level 9 of the Dungeon)

   It inflicts extra damage upon your enemies.
   It affects your strength (+3).
   It affects your dexterity (+3).
   It protects you from negative energy.
 b - the +8 whip "Snakebite" (weapon) {curare, rPois}
   (You found it on level 4 of the Lair of Beasts)

   It poisons the flesh of those it strikes.
   It protects you from poison.
 L - the +8 Wrath of Trog {antimagic, *Rage}
   (You found it on level 15 of the Dungeon)

   It reduces the magical energy of the wielder, and disrupts the spells and
   magical abilities of those hit.
   Natural abilities and divine invocations are not affected.
   It may make you go berserk in combat.
Missiles
 y - 233 stones
 R - 9 curare-tipped darts (quivered)
Armour
 g - the +2 helmet of the Vacuum (worn) {rN++ Str+8 Dex-5 Stlth+}
   (You bought it in a shop on level 9 of the Dungeon)

   It affects your strength (+8).
   It affects your dexterity (-5).
   It greatly protects you from negative energy.
   It makes you more stealthy.
   If you remove this armour, your AC will decrease by 3 (28 -> 25).
 l - a +2 pair of boots (worn)
 s - +0 steam dragon scales (worn)
 C - a +2 cloak of invisibility (worn)
 Q - a +0 buckler of positive energy (worn)
 T - a +1 pair of gloves (worn)
Jewellery
 e - the amulet "Yrereapsiu" (around neck) {Reflect rElec Dex+3 SH+5}
   (You bought it in a shop on level 4 of the Dungeon)

   [amulet of reflection]

   It shields you and reflects attacks.
   It affects your dexterity (+3).
   It insulates you from electricity.
   It affects your SH (+5).
 m - an uncursed ring of ice
 A - a +4 ring of evasion (right hand)
 D - an uncursed ring of fire
 E - a ring of magical power (left hand)
 H - an uncursed ring of fire
Wands
 c - a wand of digging (3)
 k - a wand of scattershot (8)
 p - a wand of iceblast (15)
 t - a wand of enslavement (14)
 F - a wand of flame (16)
 J - a wand of paralysis (6)
 N - a wand of disintegration (19)
Scrolls
 h - 21 scrolls of remove curse
 o - 9 scrolls of teleportation
 q - 2 scrolls of amnesia
 u - 6 scrolls of magic mapping
 x - a scroll of summoning
 z - 3 scrolls of identify
 B - 5 scrolls of blinking
 G - 5 scrolls of fog
 I - a scroll of enchant weapon
 K - a scroll of enchant armour
 O - 3 scrolls of fear
Potions
 f - 3 potions of brilliance
 i - a potion of magic
 j - 6 potions of might
 n - 2 potions of heal wounds
 r - 2 potions of berserk rage
 v - 8 potions of curing
 w - 2 potions of haste
 P - a potion of ambrosia
Comestibles
 d - 40 rations


   Skills:
 - Level 6.1 Fighting
 - Level 4.4 Dodging
 - Level 2.1 Stealth
 - Level 4.0 Shields
 - Level 15.0 Spellcasting
 * Level 18.1 Conjurations
   Level 0.7 Transmutations
 - Level 11.0 Fire Magic
 - Level 10.0 Earth Magic


You had 26 spell levels left.
You knew the following spells:

 Your Spells              Type           Power        Failure   Level  Hunger
a - Sandblast             Erth           ######       1%          1    None
b - Stone Arrow           Conj/Erth      ######       1%          3    None
c - Lee's Rapid Deconstr  Erth           ######....   1%          5    ###....
d - Fireball              Conj/Fire      ######....   1%          5    ###....
e - Iskenderun's Battles  Conj/Chrm      ######..     1%          5    ###....

Your spell library contained the following spells:

 Spells                   Type           Power        Failure   Level  Hunger
 Freezing Cloud           Conj/Ice/Air   #####.....   13%         6    #####..
 Passwall                 Tmut/Erth      #####...     1%          2    None
 Animate Skeleton         Necr           N/A          3%          1    None
 Apportation              Tloc           ###...       3%          1    None
 Corona                   Hex            ###....      3%          1    None
 Summon Small Mammal      Summ           ###.         3%          1    None
 Petrify                  Tmut/Erth      #####...     4%          4    None


Dungeon Overview and Level Annotations

Branches:
Dungeon (15/15)            Temple (1/1) D:6            Lair (6/6) D:11
 Shoals (0/4) Lair:2       Spider (0/4) Lair:3        Slime (0/5) Lair:6
    Orc (2/2) D:10            Elf (0/3) Orc:2        Vaults (0/5) D:14
 Depths (0/5) D:15          Sewer (visited)           IceCv (visited)

Altars:
Ashenzari
Cheibriados
Dithmenos
Elyvilon
Fedhas
Gozag
Hepliaklqana
Kikubaaqudgha
Makhleb
Nemelex Xobeh
Okawaru
Qazlal
Ru
Sif Muna
Trog
Uskayaw
Vehumet
Wu Jian
Xom
Yredelemnul
Zin
The Shining One
Beogh

Shops:
D:4 =   D:6 (   D:8 (   D:9 *   D:12 (   D:14 %[   Orc:2 ?%??

Annotations:
D:5 exclusion: oklob plant
D:15 Wosk's ghost, journeyman TrMo


Innate Abilities, Weirdness & Mutations

You are resistant to torment.
Your stone body is resilient. (AC +12)
You are immune to poison.
Your large and strong wings let you fly indefinitely.
You resist negative energy. (rN+)
You are resistant to electric shocks. (rElec)
You can survive without breathing.
You are immune to petrification.
You are immune to rotting.


Message History

Okay, then.
Okay, then.
A red film seems to cover your vision as you go berserk!
You feel yourself moving faster!
You feel mighty!
Wosk's ghost hits you but does no damage.
You completely miss Wosk's ghost.
Wosk's ghost is severely damaged.
Wosk's ghost hits you but does no damage.
You closely miss Wosk's ghost.
Wosk's ghost is severely damaged.
You block Wosk's ghost's attack.
You closely miss Wosk's ghost.
Wosk's ghost is severely damaged.
Wosk's ghost hits you but does no damage.
You hit Wosk's ghost.
Wosk's ghost is severely damaged.
You whack Wosk's ghost!
Wosk's ghost is almost destroyed.
Wosk's ghost hits you!!
You die...

....#####..##...#.......8....8...
.....# ##.####.#...P........8...
.....#####..###.##..P..8.....#.##
.....##.........###.....8..P##.##
.....#..###..#....##...........##
.......##⌠##..#...##.#####...####
......##...##..#..##.#####.#.....
...#.##..!..##..#.#........#.....
####.#⌠.!♣...'.W@................
# #.##..%..##.##...########.....
## #..##...##.......### #..... .#
##..##⌠##..###.#...## ###.....
.## #...###..##...##...###....###
..###...........####.#.....##.#
.....#..#.###.............###.##
...(...##.###..........##..##..##
.......[...#................##...


You could see Wosk's ghost.

Vanquished Creatures
  Rupert (D:14)
  An orc warlord (Orc:1)
  7 hydras
  A vault guard (D:14)
  3 catoblepae (Lair:6)
  A centaur warrior (D:13)
  A death knight (D:15)
  3 two-headed ogres
  Erica (Lair:1)
  A dancing weapon (D:8)
  7 death yaks
  2 tengu warriors
  4 orc high priests (Orc:2)
  3 spriggan berserkers (D:15)
  A storm dragon zombie (D:15)
  The ghost of robertstho the Cleaver, a novice MiMo of Hepliaklqana (D:8)
  7 skeletal warriors
  A wizard (D:14)
  A flayed ghost (D:15)
  3 unseen horrors
  A wolf spider zombie (D:13)
  6 necromancers
  5 orc knights
  An ugly thing (D:12)
  2 deep elf magi
  2 orc sorcerers (Orc:2)
  2 cyclopes
  A moth of wrath (shapeshifter) (D:13)
  6 oklob plants (Lair:2)
  7 elephants
  3 manticores
  A stone giant skeleton (D:15)
  3 black mambas
  A merfolk siren (Lair:2)
  3 ice statues (IceCv)
  Maurice (D:11)
  An eye of devastation (Lair:6)
  A gargoyle (D:13)
  16 spiny frogs
  4 centaur skeletons
  Maggie (D:8)
  A rime drake (Lair:6)
  A kobold demonologist (D:14)
  4 yaktaurs (D:15)
  4 freezing wraiths
  A tengu conjurer (D:13)
  7 ice devils (IceCv)
  An efreet (D:14)
  9 komodo dragons
  3 meliai (D:14)
  5 trolls
  A harpy skeleton (D:14)
  8 blink frogs
  3 polar bears
  7 dream sheep (Lair:4)
  6 slime creatures
  14 hippogriffs
  57 yaks
  An ettin skeleton (D:15)
  Sigmund (D:7)
  7 wyverns
  17 humans
  A water elemental (D:14)
  A steam dragon (D:8)
  4 hogs
  4 basilisks
  2 hungry ghosts (D:13)
  4 wargs
  Menkaure (D:7)
  Edmund (D:7)
  2 vampire mosquitoes (D:15)
  A tengu zombie (D:15)
  16 water moccasins
  8 porcupines
  A black bear (shapeshifter) (D:11)
  5 sky beasts
  33 orc warriors
  A swamp drake (D:11)
  4 ice beasts
  2 eyes of draining
  8 centaurs
  11 ogres
  3 phantoms
  4 wolves (Lair:5)
  11 crocodiles
  2 big kobolds
  9 bullfrogs
  A gnoll sergeant (D:10)
  9 killer bees
  5 scorpions
  12 wights
  5 howler monkeys
  3 crimson imps
  3 bullfrog zombies
  5 centaur zombies
  3 hounds
  A draconian simulacrum (IceCv)
  8 jellies
  4 bullfrog skeletons
  33 orc priests
  26 orc wizards
  4 iguanas
  Ijyb (D:3)
  Terence (D:3)
  12 worker ants
  2 troll simulacra (IceCv)
  A centaur simulacrum (IceCv)
  A hound zombie (D:6)
  3 hound skeletons
  A mummy (D:9)
  4 gnolls (D:10)
  5 naga simulacra (IceCv)
  25 adders
  An ogre simulacrum (IceCv)
  5 shadow imps
  19 oozes
  An adder zombie (D:6)
  An adder skeleton (D:9)
  3 worms
  3 dart slugs
  6 leopard geckos
  88 orcs
  3 giant cockroaches
  4 goblins
  10 hobgoblins
  16 jackals
  3 quokkas
  6 ball pythons
  5 bats
  8 frilled lizards
  20 kobolds
  A leopard gecko skeleton (D:5)
  8 rats
  2 fungi (D:12)
  13 plants
819 creatures vanquished.

Vanquished Creatures (others)
  An orc (Orc:1)
  5 fungi
  8 plants
  4 toadstools (D:12)
  5 withered plants (D:15)
23 creatures vanquished.

Grand Total: 842 creatures vanquished

Notes
Turn   | Place    | Note
-------+----------+-------------------------------------------
     0 | D:1      | relicbr the Gargoyle Earth Elementalist began the quest for
                  | the Orb.
     0 | D:1      | Reached XP level 1. HP: 10/10 MP: 3/3
    45 | D:1      | You fall into a shaft and drop 1 floor!
   238 | D:1      | Reached XP level 2. HP: 10/15 MP: 0/5
  1037 | D:2      | Reached skill level 5 in Earth Magic
  1037 | D:2      | Reached XP level 3. HP: 19/19 MP: 1/6
  1230 | D:2      | Reached XP level 4. HP: 24/24 MP: 2/7
  1426 | D:2      | Learned a level 3 spell: Stone Arrow
  1601 | D:2      | Found a stormy altar of Qazlal.
  1673 | D:2      | Found a hide-covered altar of Uskayaw.
  1930 | D:3      | Noticed Terence
  1932 | D:3      | Reached XP level 5. HP: 27/28 MP: 5/8
  1976 | D:3      | Killed Terence
  2275 | D:3      | Noticed Ijyb
  2279 | D:3      | Paralysed by Ijyb for 6 turns
  2291 | D:3      | Killed Ijyb
  2641 | D:3      | Found a radiant altar of Vehumet.
  2646 | D:3      | Reached XP level 6. HP: 32/32 MP: 3/9
  2656 | D:3      | Found a burning altar of Makhleb.
  2664 | D:3      | Became a worshipper of Vehumet
  2747 | D:4      | Found Nyamaiza's Jewellery Boutique.
  2911 | D:4      | Reached XP level 7. HP: 4/36 MP: 3/10
  2975 | D:4      | Found a glowing drain.
  2984 | Sewer    | Entered a sewer
  4458 | D:4      | Reached * piety under Vehumet
  4458 | D:4      | Offered knowledge of Magic Dart by Vehumet.
  4561 | D:4      | Reached skill level 10 in Earth Magic
  4790 | D:5      | Entered Level 5 of the Dungeon
  4916 | D:5      | Reached skill level 1 in Conjurations
  5006 | D:5      | Reached skill level 2 in Conjurations
  5006 | D:5      | Reached XP level 8. HP: 12/41 MP: 6/13
  5349 | D:5      | Found a blossoming altar of Fedhas.
  5375 | D:5      | Noticed an oklob plant
  6454 | D:6      | Reached skill level 5 in Spellcasting
  6454 | D:6      | Reached skill level 3 in Conjurations
  6555 | D:6      | Found a staircase to the Ecumenical Temple.
  7033 | D:6      | Reached XP level 9. HP: 45/45 MP: 4/19
  7125 | D:6      | Found Kaodghuint's Antique Weapon Shop.
  7139 | D:6      | Reached skill level 4 in Conjurations
  7248 | D:6      | Found a hazy altar of Hepliaklqana.
  7645 | Temple   | Entered the Ecumenical Temple
  7702 | D:7      | Noticed Menkaure
  7711 | D:6      | Offered knowledge of Foxfire by Vehumet.
  8002 | D:7      | Killed Menkaure
  8002 | D:7      | Reached ** piety under Vehumet
  8637 | D:7      | Noticed Edmund
  8643 | D:7      | Killed Edmund
  8643 | D:7      | Reached skill level 5 in Conjurations
  8679 | D:7      | Noticed Sigmund
  8683 | D:7      | Killed Sigmund
  8815 | D:7      | Reached XP level 10. HP: 50/50 MP: 18/23
  9038 | D:8      | Found a bloodstained altar of Trog.
  9065 | D:8      | Reached skill level 10 in Spellcasting
  9070 | D:8      | Offered knowledge of Conjure Flame by Vehumet.
  9230 | D:8      | Learned a level 5 spell: Lee's Rapid Deconstruction
  9249 | D:8      | Found Igreazul's Weapon Boutique.
  9315 | D:8      | Found a shattered altar of Ashenzari.
  9333 | D:8      | Found an ancient bone altar of Kikubaaqudgha.
  9346 | D:8      | Found a runed translucent door.
  9347 | D:8      | Found a shimmering altar of Xom.
  9347 | D:8      | Noticed robertstho's ghost (novice MiMo)
  9347 | D:8      | Noticed a +3 falchion of chaos
  9556 | D:8      | Found a shimmering blue altar of Sif Muna.
  9557 | D:8      | Found a snail-covered altar of Cheibriados.
  9558 | D:8      | Found a blossoming altar of Fedhas.
  9560 | D:8      | Found a shimmering altar of Xom.
  9611 | D:8      | Noticed Maggie
  9623 | D:8      | Killed Maggie
  9623 | D:8      | Reached *** piety under Vehumet
  9900 | D:9      | Reached skill level 6 in Conjurations
 10269 | D:9      | Noticed a two-headed ogre
 10285 | D:9      | Killed a two-headed ogre
 10285 | D:9      | Reached skill level 8 in Conjurations
 10720 | D:9      | Got an ivory quarterstaff
 10721 | D:9      | Identified the +9 quarterstaff of Zuitidd {vorpal, rN+
                  | Str+3 Dex+3} (You found it on level 9 of the Dungeon)
 10866 | D:9      | Reached skill level 9 in Conjurations
 10887 | D:9      | Found Xexira's General Store.
 11155 | D:10     | Entered Level 10 of the Dungeon
 11261 | D:10     | Offered knowledge of Hailstorm by Vehumet.
 11530 | D:10     | Reached XP level 11. HP: 34/54 MP: 7/25
 11733 | D:10     | Reached skill level 10 in Conjurations
 11740 | D:10     | Found a staircase to the Orcish Mines.
 11811 | D:10     | Reached skill level 1 in Fighting
 11917 | D:10     | Reached **** piety under Vehumet
 12245 | D:10     | Noticed a two-headed ogre
 12249 | D:10     | Killed a two-headed ogre
 12249 | D:10     | Reached skill level 5 in Fighting
 12320 | D:11     | Offered knowledge of Irradiate by Vehumet.
 12497 | D:11     | Noticed Maurice
 12501 | D:11     | Killed Maurice
 13321 | D:11     | Reached ***** piety under Vehumet
 13321 | D:11     | Offered knowledge of Fireball by Vehumet.
 13328 | D:11     | Learned a level 5 spell: Fireball
 13414 | D:11     | Found a staircase to the Lair.
 13911 | Lair:1   | Entered Level 1 of the Lair of Beasts
 13932 | Lair:1   | Reached skill level 1 in Fire Magic
 14113 | Lair:1   | You fall into a shaft and drop 1 floor!
 14380 | Lair:1   | Found a radiant altar of Vehumet.
 14398 | Lair:1   | Noticed a four-headed hydra
 14403 | Lair:1   | Killed a four-headed hydra
 14403 | Lair:1   | Reached skill level 5 in Fire Magic
 14406 | Lair:1   | Reached XP level 12. HP: 70/70 MP: 4/26
 14725 | Lair:1   | Noticed Erica
 14791 | Lair:1   | Killed Erica
 15482 | Lair:2   | Found a staircase to the Shoals.
 17248 | Lair:2   | Reached skill level 10 in Fire Magic
 17719 | D:4      | Bought an uncursed ring of magical power for 200 gold
                  | pieces
 17719 | D:4      | Bought the amulet "Yrereapsiu" {Reflect rElec Dex+3 SH+5}
                  | for 615 gold pieces
 18071 | Lair:3   | Noticed a death yak
 18073 | Lair:3   | Noticed a death yak
 18098 | Lair:3   | Killed a death yak
 18530 | Lair:3   | Noticed a death yak
 18547 | Lair:3   | Killed a death yak
 18547 | Lair:3   | Reached XP level 13. HP: 72/74 MP: 18/27
 18855 | Lair:3   | Found a hole to the Spider Nest.
 18940 | Lair:3   | Reached skill level 11 in Conjurations
 20095 | Lair:4   | Found a frozen archway.
 20117 | IceCv    | Entered an ice cave
 21715 | Lair:4   | Reached skill level 12 in Conjurations
 21941 | Lair:4   | Found the +8 whip "Snakebite" {curare, rPois}
 22435 | Lair:5   | Got a heavily runed ring mail
 23491 | Lair:6   | Entered Level 6 of the Lair of Beasts
 23965 | Lair:6   | Gained mutation: Your large and strong wings let you fly
                  | indefinitely. [Gargoyle growth]
 23965 | Lair:6   | Reached XP level 14. HP: 64/80 MP: 6/30
 24322 | Lair:6   | Offered knowledge of Iskenderun's Battlesphere by Vehumet.
 24329 | Lair:6   | Learned a level 5 spell: Iskenderun's Battlesphere
 25003 | Lair:6   | Found a staircase to the Slime Pits.
 25310 | Lair:6   | Reached skill level 13 in Conjurations
 27260 | Orc:1    | Entered Level 1 of the Orcish Mines
 27282 | Orc:1    | Found a bloodstained altar of Trog.
 27563 | Orc:2    | Entered Level 2 of the Orcish Mines
 28064 | Orc:2    | Found a staircase to the Elven Halls.
 28087 | Orc:2    | Offered knowledge of Starburst by Vehumet.
 28480 | Orc:2    | Found Gin Riss's Magic Scroll Shoppe.
 28480 | Orc:2    | Found Ebohen's Food Emporium.
 28481 | Orc:2    | Found Qoth's Magic Scroll Emporium.
 28485 | Orc:2    | Found Jorah's Magic Scroll Shoppe.
 29458 | Orc:1    | Reached XP level 15. HP: 84/84 MP: 20/33
 29481 | Orc:1    | Found a roughly hewn altar of Beogh.
 29631 | Orc:1    | Offered knowledge of Ozocubu's Refrigeration by Vehumet.
 29632 | Orc:1    | Noticed an orc warlord
 29662 | Orc:1    | Reached skill level 15 in Spellcasting
 29847 | Orc:1    | Killed an orc warlord
 29847 | Orc:1    | Reached skill level 14 in Conjurations
 30178 | D:9      | Bought the +2 helmet of the Vacuum {rN++ Str+8 Dex-5
                  | Stlth+} for 616 gold pieces
 30178 | D:9      | Bought a scroll of amnesia for 52 gold pieces
 30178 | D:9      | Bought a potion of curing for 45 gold pieces
 30178 | D:9      | Bought a scroll of teleportation for 45 gold pieces
 30417 | D:12     | Found Qiagham's Antique Weapon Shop.
 30774 | D:12     | You are sucked into a shaft and drop 1 floor!
 30823 | D:13     | Reached skill level 15 in Conjurations
 32071 | D:12     | Offered knowledge of Freezing Cloud by Vehumet.
 32169 | D:14     | Reached skill level 16 in Conjurations
 32363 | D:14     | Reached skill level 1 in Shields
 32511 | D:14     | Found a gate to the Vaults.
 32654 | D:14     | Noticed Rupert
 33097 | D:14     | Killed Rupert
 33336 | D:14     | Reached skill level 17 in Conjurations
 33454 | D:14     | Found Jeifomaj's Food Shoppe.
 33630 | D:14     | Found Toudetiv's Armour Emporium.
 33708 | D:15     | Entered Level 15 of the Dungeon
 33725 | D:15     | Reached XP level 16. HP: 88/88 MP: 29/35
 33955 | D:15     | Noticed Wosk's ghost (journeyman TrMo)
 33961 | D:15     | Found a runed translucent door.
 34457 | D:15     | Reached skill level 18 in Conjurations
 34750 | D:15     | Found a staircase to the Depths.
 34867 | D:15     | Found the +8 Wrath of Trog {antimagic, *Rage}
 35292 | D:8      | Killed robertstho's ghost
 35551 | D:15     | Slain by Wosk's ghost

Levels and vault maps discovered:
D:1:      nicolae_arrival_somewhat_less_tricky_arrival, layout_basic
D:2:      minmay_door_path, layout_rooms, lemuel_doored_altar, marbit_many_paths
D:3:      layout_basic, grunt_temple_overflow_lords_of_destruction,
          first_ration, uniq_terence, uniq_ijyb
D:4:      layout_loops_ring, portal_sewer_entry_d, serial_shops,
          nicolae_shop_window_shopping
D:5:      layout_basic, minmay_holes, minmay_hedge_maze, tgw_fedhas
D:6:      layout_layer_cave, lemuel_round_altar, minmay_temple_entry_tees,
          serial_glass, glass_columns_a, glass_columns_b, glass_columns_a,
          glass_columns_b, glass_columns_a, glass_columns_a, serial_shops, shop
D:7:      layout_cave_pools, grunt_livestock, sigmund_edmund_badplayer,
          uniq_menkaure
D:8:      layout_cave_pools, kiku_gazebo_pond_becter, minitemple,
          ashenzari_conservatory_becter, serial_shops, nicolae_shop_crystal,
          ebering_ghost_xom, trog_three_pillars_becter, uniq_maggie
D:9:      layout_irregular_city, serial_shops, shop_fountains, serial_undead,
          serial_undead_c, serial_undead_e, serial_undead_d, serial_undead_e
D:10:     layout_roguey, david_orc_2
D:11:     layout_basic, erik_lair_dragon, uniq_maurice
D:12:     lemuel_slime, layout_cave_pools, serial_shops, shop,
          minmay_gold_behind_fungi, serial_park_tiny_pond, minmay_diced_spiral
D:13:     layout_long_grid, kennysheep_cross_room, kennysheep_cluttered_room
D:14:     layout_stronghold, grunt_vaults_entry_tiered, serial_shops,
          kennysheep_mini_moat, nicolae_shop_waterfront, fungi_pond_lemuel,
          lightli_minifort, uniq_rupert
D:15:     gammafunk_depths_entry_grave, layout_rooms, serial_bayou_pond_c,
          hellmonk_ghost_happy_afterlife, minmay_guarded_unrand_wrath_of_trog
Temple:   minmay_freezing_vapour_temple
Lair:1:   layout_regular_city, basic_altar, grunt_megastairs_4, uniq_erica
Lair:2:   dpeg_oklob_gauntlet, layout_regular_city, elwin_shoals_entry_rooms,
          small_statue_intersection, patterned_corridor, wad_woods_river_01,
          minmay_lair_oklob_chamber
Lair:3:   layout_long_grid, spider_nest_entry_web_field,
          chequers_serial_rivers_large_a, infiniplex_staircase_pool_2
Lair:4:   minmay_guarded_unrand_snakebite, layout_cave_pods,
          portal_ice_cave_entry_pillars_1, grunt_forest_small_clearing_treed,
          grunt_megastairs_2
Lair:5:   layout_small_grid, serial_bayou_shore_b, lemuel_fruit_tree
Lair:6:   evilmike_catoblepas_cave, layout_regular_city,
          minmay_slime_entry_eyes, lemuel_fruit_fields
Orc:1:    cheibrodos_orc_arena, layout_caves, basic_altar, trog_book
Orc:2:    st_orc_mages, layout_caves

Skill      XL: |  1  2  3  4  5  6  7  8  9 10 11 12 13 14 15 16 |
---------------+-------------------------------------------------+-----
Earth Magic    | 4 5 6 8 9 10 | 10.0
Conjurations   | 2 3 5 9 10 12 13 17 18 | 18.1
Spellcasting   | 3 6 9 10 12 14 15 | 15.0
Fighting       | 6 |  6.1
Dodging        | 4 |  4.4
Fire Magic     | 5 11 | 11.0
Shields        | 3 4 |  4.0
Stealth        | |  2.1
Transmutations | |  0.7

Action                   |  1- 3 |  4- 6 |  7- 9 | 10-12 | 13-15 | 16-18 || total
-------------------------+-------+-------+-------+-------+-------+-------++-------
Melee: Unarmed           |     5 |       |       |       |       |       ||     5
       Dagger            |       |    28 |       |       |       |       ||    28
       Short sword       |       |    53 |   558 |       |       |       ||   611
       Dire flail        |       |       |     3 |    56 |       |       ||    59
       Quarterstaff      |       |       |       |    99 |   213 |       ||   312
       Whip              |       |       |       |       |   113 |    48 ||   161
Throw: Dart              |       |     2 |     1 |     8 |       |       ||    11
       Stone             |       |       |       |       |     2 |       ||     2
 Cast: Sandblast         |    39 |    82 |   108 |    37 |    65 |       ||   331
       Stone Arrow       |       |     3 |    42 |   224 |   454 |    55 ||   778
       Lee's Rapid Decon |       |       |       |    31 |   122 |    32 ||   185
       Fireball          |       |       |       |    27 |    92 |    11 ||   130
       Iskenderun's Batt |       |       |       |       |     4 |       ||     4
 Abil: Fly               |       |       |       |       |     1 |       ||     1
Evoke: Wand              |       |       |     4 |     4 |     5 |       ||    13
  Use: Scroll            |       |     4 |     3 |    13 |    14 |     1 ||    35
       Potion            |       |       |       |       |     1 |     1 ||     2
 Stab: Sleeping          |       |       |       |     1 |     1 |       ||     2
       Distracted        |       |       |       |     1 |       |       ||     1
       Paralysed         |       |       |       |       |     1 |       ||     1
  Eat: Chunk             |     1 |     8 |    19 |    31 |    44 |     5 ||   108
       Ration            |       |       |     1 |     3 |     7 |     1 ||    12
Armor: Robe              |     8 |    25 |       |       |       |       ||    33
       Leather armour    |       |    36 |    89 |    11 |    36 |       ||   172
       Steam dragon scal |       |       |       |   127 |   224 |    41 ||   392
Dodge: Dodged            |    15 |    97 |   146 |   218 |   378 |    51 ||   905
Block: Other             |       |       |       |     7 |   114 |       ||   121
       Reflection        |       |       |       |       |     8 |     1 ||     9
       Buckler           |       |       |       |       |    32 |    36 ||    68

Table legend:
 A = Non-vault XP
 B = Vault XP
 C = Vault XP percentage of total XP
 D = Non-vault monster count
 E = Vault monster count
 F = Vault count percentage of total count
                 A         B        C        D         E       F
            +---------+---------+-------+---------+---------+-------
      Total |   87259 |   59650 |  40.6 |     539 |     266 |  33.0
            +---------+---------+-------+---------+---------+-------
        D:1 |      26 |       0 |   0.0 |      13 |       0 |   0.0
        D:2 |      92 |      30 |  24.6 |      22 |       5 |  18.5
        D:3 |     147 |     122 |  45.4 |      32 |       3 |   8.6
        D:4 |     410 |      13 |   3.1 |      10 |       1 |   9.1
        D:5 |     452 |       0 |   0.0 |      14 |       0 |   0.0
        D:6 |    1369 |     389 |  22.1 |      30 |       2 |   6.2
        D:7 |     568 |    1128 |  66.5 |      13 |       6 |  31.6
        D:8 |     913 |    2053 |  69.2 |      17 |       3 |  15.0
        D:9 |    2264 |     121 |   5.1 |      19 |       3 |  13.6
       D:10 |    2983 |     293 |   8.9 |      29 |       7 |  19.4
       D:11 |    1892 |    1620 |  46.1 |      35 |       7 |  16.7
       D:12 |    5319 |    2193 |  29.2 |      22 |      27 |  55.1
       D:13 |   11863 |       0 |   0.0 |      40 |       0 |   0.0
       D:14 |    7689 |   11210 |  59.3 |      29 |      33 |  53.2
       D:15 |    9437 |    7035 |  42.7 |      27 |      11 |  28.9
     Lair:1 |    3471 |    1029 |  22.9 |      12 |       2 |  14.3
     Lair:2 |    3633 |    5055 |  58.2 |      15 |      12 |  44.4
     Lair:3 |    7028 |       0 |   0.0 |      22 |       0 |   0.0
     Lair:4 |    4688 |    2737 |  36.9 |      21 |      11 |  34.4
     Lair:5 |    5089 |    1784 |  26.0 |      19 |       2 |   9.5
     Lair:6 |   11665 |    8882 |  43.2 |      30 |      23 |  43.4
      Orc:1 |    3386 |    3295 |  49.3 |      22 |      17 |  43.6
      Orc:2 |    2875 |    6004 |  67.6 |      46 |      46 |  50.0
      Sewer |       0 |      60 | 100.0 |       0 |      24 | 100.0
      IceCv |       0 |    4597 | 100.0 |       0 |      21 | 100.0
            +---------+---------+-------+---------+---------+-------
